 Dungeon Crawl Stone Soup version 0.32-a0-20-ge526923d97 (webtiles) character file.

Game seed: 15354051264434797806

102 croobank the Grave Robber (level 4, -7/30 HPs)
             Began as a Human Necromancer on Jan 18, 2024.
             Splashed by a jelly's acid (11 damage)
             ... on level 3 of the Dungeon.
             The game lasted 00:06:01 (2215 turns).

croobank the Grave Robber (Human Necromancer)       Turns: 2215, Time: 00:06:01

Health: -7/30      AC: -3    Str:  8    XL:     4   Next: 78%
Magic:  7/8        EV: 12    Int: 18    God:
Gold:   128        SH:  0    Dex: 13    Spells: 7/8 levels left

rFire   . . .        t - +3 dagger of Dismemberment {freeze, rElec rC+}
rCold   + . .        (no shield)
rNeg    . . .        a - +0 robe
rPois   .            k - +2 hat
rElec   +            (no cloak)
rCorr   .            (no gloves)
SInv    .            h - +0 pair of boots
Will    .....        (no amulet)
Stlth   ++           (no ring)
HPRegen 0.25/turn    (no ring)
MPRegen 0.11/turn

%: no passive effects
@: corroded
A: explore regen
a: no special abilities


You were on level 3 of the Dungeon.
You visited 1 branch of the dungeon, and saw 3 of its levels.

You collected 128 gold pieces.

Inventory:

Hand Weapons
 e - a +0 dagger
 t - the +3 dagger of Dismemberment (weapon) {freeze, rElec rC+}
   (You found it on level 3 of the Dungeon)

   rC+:       It protects you from cold.
   rElec:     It insulates you from electricity.
Missiles
 d - 2 javelins
 f - 4 poisoned darts (quivered)
 l - 5 curare-tipped darts
 q - 6 datura-tipped darts
Armour
 a - a +0 robe (worn)
 h - a +0 pair of boots (worn)
 j - a +0 ring mail
 k - a +2 hat (worn)
Scrolls
 b - a scroll of brand weapon {unknown}
 i - a scroll of poison {unknown}
Potions
 c - a potion of cancellation {unknown}
 g - a potion of curing {unknown}
 m - a potion of lignification {unknown}
 n - 2 potions of magic
 o - a potion of degeneration {unknown}
 p - a potion of enlightenment {unknown}
 r - a potion of haste {unknown}
 s - a potion of might {unknown}


   Skills:
 + Level 2.9 Dodging
 + Level 3.0 Stealth
 + Level 2.8 Spellcasting
 + Level 4.5 Necromancy


You had 7 spell levels left.
You knew the following spells:

 Your Spells              Type           Power      Damage    Failure   Level
a - Necrotise             Necr           72%        1d7       2%          1

Your spell library contained the following spells:

 Spells                   Type           Power      Damage    Failure   Level
 Vampiric Draining        Necr           18%        2d7       8%          3
 Animate Dead             Necr           18%        N/A       26%         4
 Curse of Agony           Necr           18%        N/A       56%         5


Dungeon Overview and Level Annotations

Branches:
Dungeon (3/15)

Altars:
Zin


Innate Abilities, Weirdness & Mutations

You regain HP and MP as you explore.


Message History

Your Stealth skill increases to level 3!
You swap places.
Your rat skeleton crumbles into dust!
The quokka misses you.
You closely miss the quokka.
The quokka bites you but does no damage.
You hit the quokka. You freeze the quokka.
The quokka is heavily wounded.
The quokka barely misses you.
You miss the quokka.
The quokka is heavily wounded.
The quokka barely misses you. The quokka completely misses you.
You hit the quokka but do no damage.
The quokka is heavily wounded.
The quokka closely misses you.
You hit the quokka but do no damage.
The quokka is heavily wounded.
The quokka closely misses you.
You hit the quokka. You freeze the quokka.
You kill the quokka!
Casting: Necrotise (safe; 2% risk of failure)
Confirm with . or Enter, or press ? or * to list all spells.
Aiming: Necrotise (safe; 2% risk of failure)
Press: ? - help, Shift-Dir - straight line, f - jelly
Aim: a jelly (chance to affect: 83%)
The jelly writhes in agony!
The jelly hits you but does no damage.
You hit the jelly. You freeze the jelly. The acid corrodes you!
Your hands burn!
The jelly is severely wounded.
The jelly misses you.
You barely miss the jelly.
The jelly is severely wounded.
The jelly hits you. The acid corrodes you!
You are splashed with acid.
You hit the jelly but do no damage.
Your hands burn!
* * * LOW HITPOINT WARNING * * *
The jelly is severely wounded.
The jelly hits you.
* * * LOW HITPOINT WARNING * * *
You are splashed with acid!
You die...

#. #.....# #.# ♣.♣ #.
#.#######.#♣♣.♣ #####.
#.#............
......###...#.#####♣♣.♣
#.............##### ♣.♣
.)#............# #.#
#.##...####### #..
#>.##### ### #@## #J#
#.# #.. ... .... ...#
...##


You could see a jelly.

Vanquished Creatures
  Natasha (twice) (D:3)
  An adder (D:3)
  4 dart slugs
  3 ball pythons
  3 bats
  3 endoplasms
  3 goblins
  2 hobgoblins (D:2)
  A jackal (D:2)
  5 quokkas
  A frilled lizard (D:1)
  2 kobolds (D:2)
  6 rats
36 creatures vanquished.

Notes
Turn   | Place    | Note
-------+----------+-------------------------------------------
     0 | D:1      | croobank the Human Necromancer began the quest for the Orb.
     0 | D:1      | Reached XP level 1. HP: 13/13 MP: 3/3
   153 | D:1      | Reached XP level 2. HP: 8/19 MP: 3/5
   916 | D:2      | Found a glowing silver altar of Zin.
  1202 | D:2      | Reached XP level 3. HP: 24/24 MP: 2/6
  2068 | D:3      | Noticed Natasha
  2074 | D:3      | Killed Natasha
  2075 | D:3      | Reached XP level 4. HP: 25/30 MP: 2/7
  2181 | D:3      | Identified the +3 dagger of Dismemberment {freeze, rElec
                  | rC+}
  2188 | D:3      | Noticed Natasha
  2204 | D:3      | Killed Natasha
  2215 | D:3      | Splashed by a jelly's acid

Illustrated notes

Levels and vault maps discovered:
D:1:      sevenhm_arrival_forest_fort_large_4, layout_basic,
          chequers_serial_rivers_small_b
D:2:      layout_loops_corners, basic_altar, kennysheep_generic_room_16
D:3:      layout_basic, hellmonk_ecumenical_altar_heavens_door,
          ebering_ghost_sewer_d, dk_vineyard_1, dk_noncrumbling_3,
          chequers_serial_rivers_small_b, chequers_serial_rivers_marsh,
          minmay_tree_intersection, uniq_natasha, uniq_crazy_yiuf_cottage

Skill      XL: |  1  2  3  4 |
---------------+-------------+-----
Stealth        | 3 |  3.0
Dodging        | |  2.9
Spellcasting   | |  2.8
Necromancy     | |  4.5

Action                     |  1- 3 |  4- 6 || total
---------------------------+-------+-------++-------
  Melee: Unarmed           |     3 |       ||     3
         Dagger            |     6 |    22 ||    28
  Throw: Dart              |    11 |     3 ||    14
         Javelin           |     1 |       ||     1
   Cast: Necrotise         |    54 |     5 ||    59
    Use: Potion            |     1 |       ||     1
 Armour: Robe              |    18 |    14 ||    32
  Dodge: Dodged            |     6 |    14 ||    20

Table legend: (Time is in decaauts)
 A = Elapsed time spent in this place.
 B = Non-inter-level travel time spent in this place.
 C = Inter-level travel time spent in this place.
 D = Time resting spent in this place.
 E = Time spent auto-exploring this place.
 F = Levels seen in this place.
 G = Mean time per level.
                   A        B        C        D        E       F      G
               +--------+--------+--------+--------+--------+-----+--------+
         Total |   2214 |   2086 |    128 |     78 |   1606 |   3 |  738.0 |
       Dungeon |   2214 |   2086 |    128 |     78 |   1606 |   3 |  738.0 |
               +--------+--------+--------+--------+--------+-----+--------+

Top non-repeatable levels by time:
     D:2: 1170 daAuts
     D:1: 897 daAuts
     D:3: 146 daAuts
